 Dungeon Crawl Stone Soup version 0.22.0-6-g71bd7aa (webtiles) character file.

1397 brik the Blocker (level 9, -3/64 HPs)
             Began as a Formicid Fighter on Aug 15, 2018.
             Was a Follower of the Shining One.
             Killed by divine providence
             ... invoked by an orc priest
              (13 damage)
             ... on level 6 of the Dungeon.
             The game lasted 00:21:40 (5990 turns).

brik the Blocker (Formicid Fighter)                 Turns: 5990, Time: 00:21:40

Health: -3/64      AC: 13    Str: 22    XL:     9   Next: 0%
Magic:  9/9        EV: 11    Int:  8    God:    the Shining One [*.....]
Gold:   329        SH: 12    Dex: 22    Spells: 8/8 levels left

rFire    . . .     SeeInvis +   a - +1 long sword
rCold    . . .     Gourm    .   c - +0 shield
rNeg     . . .     Faith    .   g - +0 plate armour
rPois    .         Spirit   .   (helmet unavailable)
rElec    .         Reflect  .   (no cloak)
rCorr    +         Harm     .   w - +0 pair of gloves {Dex+3}
MR       .....                  (no boots)
Stlth    ..........             (no amulet)
HPRegen  0.20/turn              m - +2 ring of dexterity
MPRegen  0.11/turn              k - ring of resist corrosion

@: agile, glowing
A: permanent stasis, dig shafts and tunnels, four strong arms, antennae 3
a: Dig, Shaft Self, Renounce Religion


You were on level 6 of the Dungeon.
You worshipped the Shining One.
The Shining One was aware of your devotion.
You were not hungry.

You visited 2 branches of the dungeon, and saw 7 of its levels.
You also visited: Ossuary.

You collected 329 gold pieces.

Inventory:

Hand Weapons
 a - a +1 long sword (weapon)
 b - a +0 blowgun
 E - the +4 falchion "Meiplaer" {drain, rN+ Int+2 Dex+4}
   (You found it on level 6 of the Dungeon)

   A truly terrible weapon, it drains the life of those it strikes.
   It affects your intelligence (+2).
   It affects your dexterity (+4).
   It protects you from negative energy.
   The Shining One disapproves of the use of such an item.
Missiles
 j - 3 tomahawks (quivered)
 p - 8 needles of sleeping
 A - 7 javelins
Armour
 c - a +0 shield (worn)
 g - a +0 plate armour (worn)
 w - a +0 pair of gloves of dexterity (worn)
Jewellery
 k - a ring of resist corrosion (right hand)
 m - a +2 ring of dexterity (left hand)
 x - a cursed ring of attention {unknown}
Wands
 v - a wand of digging (18)
 D - a wand of disintegration (5)
Scrolls
 h - 3 scrolls of enchant weapon
 l - 4 scrolls of teleportation
 n - 4 scrolls of remove curse
 q - 2 scrolls of fear
 t - a scroll of amnesia {unknown}
 u - a scroll of random uselessness {unknown}
 y - a scroll of magic mapping {unknown}
Potions
 d - 2 potions of might
 e - a potion of agility
 i - a potion of cancellation
 o - a potion of magic {unknown}
 r - 3 potions of resistance {unknown}
 s - 2 potions of lignification {unknown}
 C - 2 potions of brilliance
Comestibles
 f - 6 rations


   Skills:
 - Level 3.2 Fighting
 + Level 7.5 Long Blades
 - Level 5.4 Armour
 + Level 8.4 Shields


You had 8 spell levels left.
You didn't know any spells.
Your spell library was empty.

Dungeon Overview and Level Annotations

Branches:
Dungeon (6/15)             Temple (1/1) D:4

Altars:
Ashenzari
Cheibriados
Fedhas
Gozag
Hepliaklqana
Makhleb
Nemelex Xobeh
Okawaru
Qazlal
Ru
Sif Muna
Trog
Wu Jian
Xom
Yredelemnul
Zin
The Shining One

Annotations:
D:3 Sigmund


Innate Abilities, Weirdness & Mutations

You cannot be hasted, slowed, berserked, paralysed or teleported.
You can dig through walls and to a lower floor.
Your four strong arms can wield two-handed weapons with a shield.
You have a pair of large antennae on your head. (SInv)


Message History

You hit the ogre.
You kill the ogre!
You have reached level 9!
Your experience leads to an increase in your attributes!
Your base attributes are Str 22, Int 8, Dex 11.
Increase (S)trength, (I)ntelligence, or (D)exterity?
You feel agile.
The orc priest hits you but does no damage.
The orc priest barely misses you.
You riposte.
You hit the orc priest but do no damage.
Things that are here:
a giant club; an ogre corpse You hit the orc priest.
The orc priest is lightly wounded.
You block the orc priest's attack.
You hit the orc priest but do no damage.
The orc priest is lightly wounded.
The orc priest calls down the wrath of Beogh upon you.
Beogh smites you!
You die...

#.# #.#..####.#.##.# #.#
#.# #.#..# ##.#.##.# #<#
#.# #.#..###....##.###.#
#.#
####.#............<...#
#.#
#.....>..##..####.#####
#.# #...##.####..####.#
########..########......#
#(..)..#..#..o.?.########
#)})#..#..#.@#.8.#
#...#..#..#..#.O.#
#####..#..#..#####
#......#..#......#
#...)..#..#......#
#..#####..#####..#
#......#..#......#
#......#..#......#
#####..#..#..#####


You could see an orc priest.

Vanquished Creatures
  A black bear (D:6)
  2 ogres (D:6)
  A phantom (D:6)
  A centaur (D:5)
  Blork the orc (D:5)
  A bullfrog (D:6)
  3 scorpions
  A jelly (D:5)
  A hound (D:5)
  A gnoll shaman (D:6)
  2 orc priests (D:4)
  4 orc wizards
  An iguana (D:2)
  A hound skeleton (D:4)
  11 mummies (Ossuary)
  2 worker ant zombies (D:6)
  4 gnolls (D:6)
  5 adders
  2 howler monkey skeletons
  4 oozes
  2 adder skeletons
  2 worms
  3 leopard geckos
  15 orcs
  A ball python (D:4)
  4 bats
  9 giant cockroaches
  9 goblins
  9 hobgoblins
  5 jackals
  7 kobolds
  6 frilled lizards
  2 gnoll skeletons (Ossuary)
  2 goblin skeletons (Ossuary)
  4 orc skeletons (Ossuary)
  A quokka skeleton (D:4)
  8 rats
  11 rat skeletons (Ossuary)
149 creatures vanquished.

Notes
Turn   | Place    | Note
-------+----------+-------------------------------------------
     0 | D:1      | brik the Formicid Fighter began the quest for the Orb.
     0 | D:1      | Reached XP level 1. HP: 18/18 MP: 1/1
    49 | D:1      | Reached XP level 2. HP: 24/24 MP: 2/2
   145 | D:1      | Reached XP level 3. HP: 28/29 MP: 3/3
   622 | D:2      | Reached XP level 4. HP: 35/35 MP: 4/4
   811 | D:2      | Reached skill level 4 in Shields
  1212 | D:2      | Reached XP level 5. HP: 41/41 MP: 5/5
  1662 | D:3      | Noticed Sigmund
  2528 | D:4      | Reached XP level 6. HP: 38/47 MP: 6/6
  2535 | D:4      | Found a sand-covered staircase.
  2583 | Ossuary  | Entered an ossuary
  2689 | Ossuary  | Reached skill level 5 in Shields
  3105 | Ossuary  | Reached skill level 5 in Long Blades
  3439 | Ossuary  | Reached XP level 7. HP: 52/52 MP: 7/7
  3720 | D:4      | Reached skill level 5 in Armour
  4380 | D:4      | Found a staircase to the Ecumenical Temple.
  4405 | Temple   | Entered the Ecumenical Temple
  4563 | Temple   | Became a worshipper of the Shining One
  4673 | D:5      | Entered Level 5 of the Dungeon
  4786 | D:5      | Reached skill level 6 in Shields
  4838 | D:5      | Noticed Blork the orc
  4859 | D:5      | Killed Blork the orc
  4967 | D:5      | Reached XP level 8. HP: 55/58 MP: 8/8
  4969 | D:5      | Found a sacrificial altar of Ru.
  5320 | D:6      | Reached skill level 7 in Shields
  5828 | D:6      | Reached skill level 8 in Shields
  5844 | D:6      | Got a polished falchion
  5847 | D:6      | Identified the +4 falchion "Meiplaer" {drain, rN+ Int+2 Dex+4} (You found it on level 6 of the Dungeon)
  5953 | D:6      | Reached * piety under the Shining One
  5982 | D:6      | HP: 1/58 [orc priest/divine providence (14)]
  5987 | D:6      | Reached XP level 9. HP: 9/64 MP: 9/9
  5990 | D:6      | Killed from afar by an orc priest

Skill      XL: |  1  2  3  4  5  6  7  8 |
---------------+-------------------------+-----
Long Blades    | 3 4 5 6 7 |  7.5
Shields        | 4 5 6 8 |  8.4
Armour         | 4 5 |  5.4
Fighting       | |  3.2

Action                   |  1- 3 |  4- 6 |  7- 9 || total
-------------------------+-------+-------+-------++-------
Melee: Long sword        |   132 |   238 |   235 ||   605
 Abil: Dig               |     2 |     1 |       ||     3
  Use: Scroll            |       |     8 |     1 ||     9
       Potion            |       |     1 |     2 ||     3
  Eat: Chunk             |       |     5 |     9 ||    14
       Ration            |       |     1 |       ||     1
Armor: Scale mail        |    10 |       |       ||    10
       Plate armour      |    78 |    91 |   105 ||   274
Dodge: Dodged            |    24 |    33 |    44 ||   101
Block: Shield            |    78 |    93 |   137 ||   308
       Rpst.: Long sword |     9 |     9 |    11 ||    29
